 Dungeon Sprint DCSS version 0.31.0-9-g3a7656b989 (webtiles) character file.

Game seed: 15993508325592465681

1154 Heoruswealwe the Impaler (level 8, -8/82 HPs)
             Began as a Minotaur Fighter on Jan 25, 2024.
             Was an Initiate of Gozag.
             Mangled by a boulder beetle (16 damage)
             ... in the Dungeon (Sprint IX: "|||||||||||||||||||||||||||||").
             The game lasted 00:03:48 (419 turns).

Heoruswealwe the Impaler (Minotaur Fighter)          Turns: 419, Time: 00:03:49

Health: -8/82      AC: 21    Str: 27    XL:     8   Next: 16%
Magic:  7/7        EV:  9    Int:  5    God:    Gozag
Gold:   369        SH:  0    Dex:  9    Spells: 7/7 levels left

rFire   . . .        b - +2 halberd (protect)
rCold   . . .        (shield currently unavailable)
rNeg    . . .        c - +1 chain mail
rPois   .            (helmet restricted)
rElec   .            h - +0 cloak
rCorr   .            (no gloves)
SInv    .            (no boots)
Will    .....        (no amulet) Stlth
                     k - +3 ring of strength
HPRegen 0.33/turn    (no ring)
MPRegen 0.10/turn

%: no teleportation
@: gold aura, under a protective aura
A: horns 2, retaliatory headbutt
a: Renounce Religion, Potion Petition, Call Merchant, Bribe Branch


You were in the Dungeon.
You worshipped Gozag.
Gozag was aware of your devotion.
You visited 1 branch You collected 369 gold pieces.

Inventory:

Hand Weapons
 a - a +0 trident
 b - a +2 halberd of protection (weapon)
Armour
 c - a +1 chain mail (worn)
 d - a +0 buckler
 h - a +0 cloak (worn)
Jewellery
 k - a +3 ring of strength (left hand)
Wands
 m - a wand of roots (10)
Scrolls
 j - 2 scrolls of blinking
Potions
 e - 2 potions of curing
 g - a potion of haste
 i - a potion of berserk rage
 l - a potion of might


   Skills:
 + Level 11.4 Fighting
 * Level 15.1 Polearms
 + Level 11.4 Armour
 - Level 3.6 Shields


You had 7 spell levels left.
You didn't know any spells.
Your spell library was empty.

Dungeon Overview and Level Annotations

Branches:
Dungeon (1/1)

Altars:
Cheibriados
Dithmenos
Elyvilon
Fedhas
Gozag
Hepliaklqana
Kikubaaqudgha
Makhleb
Nemelex Xobeh
Okawaru
Qazlal
Ru
Sif Muna
Trog
Uskayaw
Vehumet
Wu Jian
Xom
Yredelemnul
Zin
The Shining One
Jiyva
Lugonu


Innate Abilities, Weirdness & Mutations

You have a pair of horns on your head.
You reflexively headbutt those who attack you in melee.


Message History

The centaur warrior shoots an arrow.
The arrow hits you but does no damage.
Your Polearms skill increases to level 15!
You have reached level 8!
You feel stronger.
Reach: b) +2 halberd (protect)
Press: ? - help, Dir - move target, f - centaur warrior
Aim: a centaur warrior, wielding a +0 shortbow (about 28% to evade your +2 halberd of protection)
You reach to attack!
You hit the centaur warrior but do no damage.
The centaur warrior shoots an arrow.
The arrow hits you!
The boulder beetle curls into a ball and begins rolling!
Reach: b) +2 halberd (protect)
Press: ? - help, Dir - move target, f/p - centaur warrior
Aim: a centaur warrior, wielding a +0 shortbow (about 28% to evade your +2 halberd of protection)
You reach to attack!
You slice the centaur warrior!!
The centaur warrior is heavily wounded.
The centaur warrior shoots an arrow.
The arrow hits you!!
Reach: b) +2 halberd (protect)
Press: ? - help, Dir - move target, f/p - centaur warrior
Aim: a centaur warrior, wielding a +0 shortbow (heavily wounded, about 28% to evade your +2 halberd of protection)
You reach to attack!
You barely miss the centaur warrior.
The centaur warrior is heavily wounded.
The centaur warrior shoots an arrow.
The arrow hits you!
* * * LOW HITPOINT WARNING * * *
The boulder beetle stops rolling and uncurls.
Reach: b) +2 halberd (protect)
Press: ? - help, Dir - move target, f/p - centaur warrior
Aim: a centaur warrior, wielding a +0 shortbow (heavily wounded, about 28% to evade your +2 halberd of protection)
You reach to attack!
You puncture the centaur warrior!
The centaur warrior is heavily wounded.
The centaur warrior shoots an arrow.
The arrow hits you!
* * * LOW HITPOINT WARNING * * *
You feel better.
The centaur warrior shoots an arrow.
The arrow hits you but does no damage.
The centaur warrior shoots an arrow.
The arrow barely misses you.
The boulder beetle leaps!
You feel better. The boulder beetle bites you!!
* * * LOW HITPOINT WARNING * * *
You feel better. The boulder beetle bites you!
You die...
Your body crumbles into a pile of gold. ▓▓▓▓▓▓▓▓▓▓▓▓▓▓▓▓▓▓▓▓▓▓▓▓ ..°CQcB@....)'...[=[)?!' ▓▓▓▓▓▓▓▓▓▓▓▓▓▓▓▓▓▓▓▓▓▓▓▓

You could see a boulder beetle, a tengu warrior, a centaur warrior and a cyclops.

Vanquished Creatures
  A cyclops (D)
  A slime creature (D)
  A vampire (D)
  A wraith (D)
  An ogre (D)
  A kobold brigand (D)
  A scorpion (D)
  2 howler monkeys (D)
  A jelly (D)
  An orc wizard (D)
  An adder (D)
  A white imp (D)
  2 endoplasms (D)
  A goblin (D)
  A frilled lizard (D)
  A rat (D)
18 creatures vanquished.

Notes
Turn   | Place    | Note
-------+----------+-------------------------------------------
     0 | D        | Heoruswealwe the Minotaur Fighter began the quest for the
                  | Orb.
     0 | D        | Reached XP level 1. HP: 19/19 MP: 0/0
     5 | D        | Reached skill level 3 in Polearms
    20 | D        | Noticed a scorpion
    20 | D        | Noticed an ogre
    20 | D        | Noticed a jelly
    26 | D        | Reached skill level 4 in Polearms
    26 | D        | Reached XP level 2. HP: 21/28 MP: 1/1
    28 | D        | Reached skill level 5 in Fighting
    28 | D        | Reached skill level 6 in Polearms
    28 | D        | Reached skill level 5 in Armour
    28 | D        | Reached XP level 3. HP: 3/36 MP: 2/2
    33 | D        | Killed an ogre
    34 | D        | Reached skill level 8 in Polearms
    34 | D        | Reached XP level 4. HP: 13/45 MP: 3/3
    44 | D        | Killed a scorpion
    45 | D        | Reached skill level 9 in Polearms
    45 | D        | Reached XP level 5. HP: 17/52 MP: 4/4
    51 | D        | Found a snail-covered altar of Cheibriados.
    51 | D        | Found a shadowy altar of Dithmenos.
    51 | D        | Found a white marble altar of Elyvilon.
    51 | D        | Found a blossoming altar of Fedhas.
    51 | D        | Found an opulent altar of Gozag.
    52 | D        | Found a hazy altar of Hepliaklqana.
    53 | D        | Found a viscous altar of Jiyva.
    54 | D        | Found an ancient bone altar of Kikubaaqudgha.
    55 | D        | Found a corrupted altar of Lugonu.
    56 | D        | Found a burning altar of Makhleb.
    57 | D        | Found a sparkling altar of Nemelex Xobeh.
    58 | D        | Found an iron altar of Okawaru.
    59 | D        | Became a worshipper of Gozag Ym Sagoz the Greedy
    60 | D        | Found a stormy altar of Qazlal.
    61 | D        | Found a sacrificial altar of Ru.
    62 | D        | Found a shimmering blue altar of Sif Muna.
    63 | D        | Found a bloodstained altar of Trog.
    64 | D        | Found a hide-covered altar of Uskayaw.
    65 | D        | Found a radiant altar of Vehumet.
    66 | D        | Found an ornate altar of the Wu Jian Council.
    67 | D        | Found a shimmering altar of Xom.
    68 | D        | Found a basalt altar of Yredelemnul.
    69 | D        | Found a glowing silver altar of Zin.
    70 | D        | Found a glowing golden altar of the Shining One.
   171 | D        | Noticed a wraith
   171 | D        | Noticed a vampire
   177 | D        | Reached skill level 10 in Polearms
   202 | D        | Killed a vampire
   203 | D        | Reached skill level 12 in Polearms
   203 | D        | Reached XP level 6. HP: 21/63 MP: 5/5
   208 | D        | Killed a wraith
   209 | D        | Reached XP level 7. HP: 18/71 MP: 6/6
   213 | D        | Reached skill level 10 in Fighting
   213 | D        | Reached skill level 13 in Polearms
   213 | D        | Reached skill level 10 in Armour
   398 | D        | Noticed a tengu warrior
   398 | D        | Noticed a slime creature
   398 | D        | Noticed a cyclops
   398 | D        | Noticed a boulder beetle
   398 | D        | Noticed a centaur warrior
   398 | D        | Noticed a cyclops
   403 | D        | Killed a cyclops
   404 | D        | Reached skill level 14 in Polearms
   412 | D        | Killed a slime creature
   413 | D        | Reached skill level 15 in Polearms
   413 | D        | Reached XP level 8. HP: 55/82 MP: 7/7
   416 | D        | HP: 3/82 [centaur warrior/arrow (9)]
   419 | D        | Mangled by a boulder beetle

Illustrated notes

Levels and vault maps discovered:
D:        linesprint [early_d, line_temple, items_1, d_10, items_2, lair_1,
          lair_end, items_3, orc_1, orc_end, items_4, d_15, swamp_1, shoals_1,
          snake_1, spider_1, d_20, vaults_1, items_5, swamp_end, shoals_end,
          snake_end, spider_end, vaults_end, d_27, items_6, zot_1, zot_end,
          crypt_end, forest_end, elf_end, slime_end, tomb_end, abyss_end,
          pan_hell_end]

Skill      XL: |  1  2  3  4  5  6  7 |
---------------+----------------------+-----
Polearms       | 4 6 8 9 12 15 | 15.1
Fighting       | 4 5 6 7 9 11 | 11.4
Armour         | 4 5 6 7 9 11 | 11.4
Shields        | |  3.6

Action                     |  1- 3 |  4- 6 |  7- 9 || total
---------------------------+-------+-------+-------++-------
  Melee: Trident           |    20 |    11 |       ||    31
         Headbutt          |     6 |     3 |     3 ||    12
         Halberd           |       |    32 |    22 ||    54
    Use: Potion            |     1 |     2 |     3 ||     6
   Stab: Distracted        |       |     1 |       ||     1
 Armour: Scale mail        |     9 |     6 |       ||    15
         Chain mail        |       |    32 |    16 ||    48
  Dodge: Dodged            |     3 |     6 |     4 ||    13
  Block: Buckler           |     1 |     1 |       ||     2
